[Event "Philadelphia Open"]
[Site "Philadelphia"]
[Date "2012.04.05"]
[Round "2.1"]
[White "Akobian, Varuzhan"]
[Black "Krush, Irina"]
[Result "1/2-1/2"]
[ECO "E11"]
[WhiteElo "2621"]
[BlackElo "2461"]
[PlyCount "88"]
[EventDate "2012.04.??"]
[EventType "swiss"]
[EventRounds "9"]
[EventCountry "USA"]
[TimeControl "6000+1280"]
[WhiteClock "0:24:40"]
[BlackClock "0:17:37"]

1. d4 Nf6 2. c4 e6 3. Nf3 Bb4+ 4. Bd2 Bxd2+ 5. Qxd2 d5 6. e3 O-O 7. Nc3 Qe7 8.
Rc1 Rd8 9. Qc2 a6 10. cxd5 exd5 11. Bd3 Nc6 12. Be2 Bg4 13. O-O Ne4 14. h3 Bh5
15. Ne5 Nb4 16. Qd1 Bxe2 17. Qxe2 f6 18. Nf3 Rd7 19. a3 Nc6 20. b4 Nxc3 21.
Rxc3 Na7 22. Rc5 Nc8 23. Rfc1 c6 24. a4 Nd6 25. Nd2 Re8 26. Qd3 f5 27. Nf3 Ne4
28. Ne5 Rdd8 29. f3 Nxc5 30. bxc5 Qf6 31. f4 Re7 32. Rf1 Rf8 33. Qb1 g5 34. Qd1
h6 35. Qh5 Rg7 36. Kh2 Qe6 37. g3 Qf6 38. Rf2 Kh7 39. Qf3 Qe6 40. a5 g4 41. Qd1
gxh3 42. Qh5 Rfg8 43. Rf3 Rg4 44. Kxh3 R4g7 1/2-1/2

[Event "Philadelphia Open"]
[Site "Philadelphia"]
[Date "2012.04.05"]
[Round "2.2"]
[White "Bartell, Thomas"]
[Black "Gelashvili, Tamaz"]
[Result "1/2-1/2"]
[ECO "B00"]
[WhiteElo "2365"]
[BlackElo "2619"]
[PlyCount "73"]
[EventDate "2012.04.??"]
[EventType "swiss"]
[EventRounds "9"]
[EventCountry "USA"]
[TimeControl "5400+1135"]
[WhiteClock "0:02:58"]
[BlackClock "0:16:33"]

1. Nf3 b5 2. e4 a6 3. d4 Bb7 4. Bd3 e6 5. O-O c5 6. c3 d6 7. a4 c4 8. Bc2 Nf6
9. Re1 Be7 10. axb5 axb5 11. Rxa8 Bxa8 12. Na3 Bc6 13. d5 exd5 14. exd5 Bxd5
15. Nxb5 O-O 16. Nbd4 Nbd7 17. Nf5 Re8 18. Bf4 Bf8 19. Rxe8 Qxe8 20. Ne3 Bxf3
21. Qxf3 d5 22. h3 Nb6 23. Nf5 Qe1+ 24. Kh2 Bc5 25. Be3 Bxe3 26. Qg3 Bf4 27.
Qxf4 Nbd7 28. Ne3 Qd2 29. Ba4 h6 30. Bc6 Qxb2 31. Bxd7 Nxd7 32. Nxd5 Qe2 33.
Qe3 Qxe3 34. Nxe3 Nc5 35. f3 Kf8 36. Kg3 Ke7 37. Nxc4 1/2-1/2

[Event "Philadelphia Open"]
[Site "Philadelphia"]
[Date "2012.04.05"]
[Round "2.3"]
[White "Erenburg, Sergey"]
[Black "Sarkar, Justin"]
[Result "1-0"]
[ECO "B12"]
[WhiteElo "2616"]
[BlackElo "2391"]
[PlyCount "197"]
[EventDate "2012.04.??"]
[EventType "swiss"]
[EventRounds "9"]
[EventCountry "USA"]
[TimeControl "6000+1090"]
[WhiteClock "0:01:54"]
[BlackClock "0:01:50"]

1. e4 c6 2. d4 d5 3. e5 Bf5 4. Nf3 e6 5. Be2 c5 6. Be3 cxd4 7. Nxd4 Ne7 8. c4
Nbc6 9. Qa4 a6 10. Nd2 Rc8 11. O-O Qd7 12. Nxf5 Nxf5 13. cxd5 Qxd5 14. Nc4 Nxe3
15. fxe3 Qc5 16. Rac1 Qa7 17. Bf3 Bc5 18. Bxc6+ bxc6 19. Nd6+ Bxd6 20. Rxc6 O-O
21. exd6 Qxe3+ 22. Kh1 Rxc6 23. Qxc6 Qd3 24. Rc1 h5 25. Qc7 e5 26. Qe7 g6 27.
h3 e4 28. d7 h4 29. Rc3 Qd2 30. Kh2 Qf4+ 31. Kg1 Qd2 32. Kh1 Qd1+ 33. Kh2 Qd2
34. a3 a5 35. Qxh4 Qd6+ 36. Rg3 Qxd7 37. Qxe4 Qc7 38. h4 Rb8 39. h5 Rb3 40. Qg4
Rxg3 41. Qxg3 Qb6 42. hxg6 fxg6 43. Qe5 Kh7 44. Kh3 Qb3+ 45. g3 a4 46. Kh4 Qc4+
47. Kg5 Qc1+ 48. Kf6 Qc6+ 49. Kf7 Qf3+ 50. Ke7 Qb7+ 51. Kd8 Qa8+ 52. Kc7 Qa7+
53. Kc6 Qa6+ 54. Kc5 Qa5+ 55. Kd4 Qb6+ 56. Kc4 Qb3+ 57. Kc5 Qc2+ 58. Qc3 Qd1
59. Kb5 g5 60. Qe3 Kh6 61. Ka5 Qc2 62. Qc3 Qd1 63. Qc6+ Kh5 64. Qe4 Qd2+ 65.
Kxa4 Qxb2 66. Qf3+ Kh6 67. Qd3 Kh5 68. Qd1+ Kh6 69. g4 Qc3 70. Qh1+ Kg7 71. Qe4
Kh6 72. Qe6+ Kg7 73. Qe7+ Kg6 74. Qe8+ Kg7 75. Qe4 Kh6 76. Qb4 Qc6+ 77. Ka5
Qa8+ 78. Kb6 Qd8+ 79. Ka7 Qd7+ 80. Ka6 Qc8+ 81. Kb6 Qd8+ 82. Kc6 Qe8+ 83. Kc7
Qf7+ 84. Kb6 Qe6+ 85. Ka5 Qe5+ 86. Ka6 Qf4 87. Qb6+ Kg7 88. Qb7+ Kf6 89. Qc6+
Ke7 90. Qc5+ Kd7 91. Qb4 Kc6 92. Qc3+ Kd5 93. Qd3+ Kc6 94. Qc3+ Kd6 95. Qb4+
Kc6 96. Ka5 Qe5+ 97. Ka4 Qf4 98. Kb3 Kd7 99. Qxf4 1-0

[Event "Philadelphia Open"]
[Site "Philadelphia"]
[Date "2012.04.05"]
[Round "2.4"]
[White "Coleman, Teddy"]
[Black "Kacheishvili, Giorgi"]
[Result "0-1"]
[ECO "A40"]
[WhiteElo "2356"]
[BlackElo "2612"]
[PlyCount "66"]
[EventDate "2012.04.??"]
[EventType "swiss"]
[EventRounds "9"]
[EventCountry "USA"]
[TimeControl "6000+790"]
[WhiteClock "0:12:19"]
[BlackClock "0:28:10"]

1. d4 e6 2. c4 Bb4+ 3. Nd2 Nf6 4. a3 Bxd2+ 5. Bxd2 d5 6. cxd5 exd5 7. Bg5 h6 8.
Bf4 c6 9. e3 Bf5 10. h3 Nbd7 11. g4 Bg6 12. Bd3 Qe7 13. Bxg6 fxg6 14. Qd3 O-O
15. Ne2 g5 16. Bh2 Ne4 17. O-O Rf3 18. Ng3 Raf8 19. Nxe4 dxe4 20. Qb3+ Kh7 21.
Qxb7 Rxh3 22. Qxc6 Rf6 23. Qd5 Rh4 24. Rac1 Rxg4+ 25. Kh1 Nb6 26. Qe5 Qf8 27.
Rc7 Nc4 28. Rxc4 Re6 29. f4 Rxe5 30. dxe5 Qf7 31. Rc6 Qd5 32. Rd6 Qc5 33. Rg1
Rh4 0-1

[Event "Philadelphia Open"]
[Site "Philadelphia"]
[Date "2012.04.05"]
[Round "2.5"]
[White "Hammer, Jon Ludvig"]
[Black "Kashtanov, Ruslan"]
[Result "1-0"]
[ECO "B07"]
[WhiteElo "2606"]
[BlackElo "2361"]
[PlyCount "141"]
[EventDate "2012.04.??"]
[EventType "swiss"]
[EventRounds "9"]
[EventCountry "USA"]
[TimeControl "6000+790"]
[WhiteClock "0:12:19"]
[BlackClock "0:28:10"]

1. d4 d6 2. e4 Nf6 3. f3 c5 4. d5 a6 5. a4 e6 6. c4 Be7 7. Ne2 Nh5 8. Nbc3 f5
9. exf5 exf5 10. f4 O-O 11. g3 Bf6 12. Bg2 Re8 13. O-O g6 14. a5 Bg7 15. Qd3
Nd7 16. Bd2 Nhf6 17. h3 Rb8 18. Kh2 b5 19. axb6 Rxb6 20. Rab1 Rb3 21. Qc2 Rb7
22. Ng1 Nf8 23. b3 Rbe7 24. Rbe1 h6 25. Qb1 Rxe1 26. Rxe1 Rxe1 27. Qxe1 Kf7 28.
Bf3 Qb6 29. Bd1 Bd7 30. Bc2 Qb8 31. Nf3 Qe8 32. Qxe8+ Bxe8 33. Kg2 Ke7 34. Nh4
Kd7 35. Nd1 h5 36. Kf3 Bf7 37. Ne3 Ne8 38. g4 hxg4+ 39. hxg4 fxg4+ 40. Nxg4 Nf6
41. Nf2 Ng8 42. Ne4 Ne7 43. b4 cxb4 44. Ba4+ Kc7 45. Nxd6 Nxd5 46. Nxf7 Nb6 47.
Bb3 a5 48. Be3 a4 49. Bxb6+ Kxb6 50. Bxa4 Kc5 51. Ke3 Kxc4 52. Nd6+ Kc3 53.
Ne4+ Kb2 54. Nc5 Bf6 55. Nf3 Be7 56. Nd3+ Ka3 57. Bc2 b3 58. Bb1 Ne6 59. Nfe5
g5 60. f5 Nc7 61. Ke4 Nb5 62. Nc4+ Ka4 63. Nb6+ Ka3 64. Nd5 Bd6 65. Kf3 Ka4 66.
Nb6+ Ka5 67. Nc4+ Ka4 68. Nxd6 Nxd6 69. f6 Kb5 70. Kg4 Nf7 71. Kf5 1-0

[Event "Philadelphia Open"]
[Site "Philadelphia"]
[Date "2012.04.05"]
[Round "2.6"]
[White "Goletiani, Rusudan"]
[Black "Kaidanov, Gregory"]
[Result "0-1"]
[ECO "A09"]
[WhiteElo "2344"]
[BlackElo "2598"]
[PlyCount "132"]
[EventDate "2012.04.??"]
[EventType "swiss"]
[EventRounds "9"]
[EventCountry "USA"]
[TimeControl "6000+790"]
[WhiteClock "0:12:19"]
[BlackClock "0:28:10"]

1. Nf3 d5 2. c4 d4 3. e3 Nc6 4. exd4 Nxd4 5. Nxd4 Qxd4 6. Be2 Nh6 7. O-O g6 8.
Na3 Bg7 9. Nc2 Qd8 10. d4 Nf5 11. d5 O-O 12. Bd3 c6 13. Bxf5 Bxf5 14. Ne3 Bd7
15. Qe2 cxd5 16. Nxd5 e6 17. Nf4 Bc6 18. Rb1 Qd4 19. Be3 Qe5 20. b3 Rfd8 21.
Rbd1 Bh6 22. Qg4 Bg7 23. Rxd8+ Rxd8 24. Rd1 Rxd1+ 25. Qxd1 h5 26. Nd3 Qa5 27.
a4 Be4 28. Nc5 Bc2 29. Qc1 Bb2 30. Nxb7 Qb4 31. Qd2 Qxd2 32. Bxd2 Bxb3 33. Be3
a6 34. c5 Bxa4 35. f3 Kf8 36. Kf2 Bc3 37. Ke2 Bb5+ 38. Kd1 Ke7 39. Kc2 Be5 40.
f4 Bc7 41. g3 f6 42. Kc3 Bc6 43. Nd6 Bxd6 44. cxd6+ Kxd6 45. Bd4 e5 46. fxe5+
fxe5 47. Bb6 Bb5 48. Kd2 Kd5 49. Ke3 Bd7 50. Bd8 Bf5 51. Bc7 Bb1 52. Bd8 Kc4
53. Bc7 e4 54. h3 Kb4 55. Bd6+ Kb5 56. g4 hxg4 57. hxg4 a5 58. Kd4 Ka4 59. Kc4
Bd3+ 60. Kc3 Bf1 61. Bc5 Ba6 62. Kd4 Kb3 63. Kxe4 a4 64. Ke3 a3 65. Kd2 Kb2 66.
Bd4+ Kb1 0-1

[Event "Philadelphia Open"]
[Site "Philadelphia"]
[Date "2012.04.05"]
[Round "2.7"]
[White "Shankland, Samuel L"]
[Black "Burnett, Ronald"]
[Result "1/2-1/2"]
[ECO "A13"]
[WhiteElo "2580"]
[BlackElo "2352"]
[PlyCount "147"]
[EventDate "2012.04.??"]
[EventType "swiss"]
[EventRounds "9"]
[EventCountry "USA"]
[TimeControl "6000+790"]
[WhiteClock "0:12:19"]
[BlackClock "0:28:10"]

1. Nf3 Nf6 2. c4 e6 3. g3 d5 4. Bg2 d4 5. O-O Nc6 6. d3 Be7 7. Na3 O-O 8. Nc2
a5 9. e3 dxe3 10. Bxe3 e5 11. Qe2 Re8 12. Rad1 Bd6 13. d4 exd4 14. Ncxd4 Nxd4
15. Nxd4 Bg4 16. Bf3 Qc8 17. Rd3 Bc5 18. Rfd1 c6 19. Nb3 Bxe3 20. Rxe3 Rxe3 21.
Qxe3 Bxf3 22. Qxf3 Qc7 23. Kg2 Qe5 24. Rd2 a4 25. Re2 Qd6 26. Nd2 h6 27. Ne4
Nxe4 28. Rxe4 Rd8 29. Qe3 Kh7 30. Qb6 Rd7 31. Qa5 b5 32. Qc3 Qc5 33. a3 Rd6 34.
Rf4 Kg8 35. h4 Re6 36. cxb5 Qxc3 37. bxc3 cxb5 38. c4 b4 39. axb4 a3 40. Rd4 a2
41. Rd8+ Kh7 42. Ra8 Re2 43. b5 Rc2 44. b6 Rxc4 45. Rxa2 Rb4 46. Ra6 Kg6 47.
b7+ f6 48. Ra7 Kf5 49. Kf3 Rb3+ 50. Ke2 g5 51. Kd2 gxh4 52. gxh4 Ke4 53. Kc2
Rb6 54. Kc3 Kf3 55. h5 f5 56. Kd4 Kxf2 57. Ke5 Kg3 58. Kxf5 Kh4 59. Ra6 Rxb7
60. Kg6 Rb5 61. Ra4+ Kg3 62. Re4 Rb6+ 63. Kg7 Kf3 64. Rd4 Kg3 65. Kh7 Rc6 66.
Re4 Kf3 67. Rd4 Kg3 68. Kg7 Rb6 69. Kf7 Rb5 70. Kg6 Rb6+ 71. Kg7 Rc6 72. Re4
Kf3 73. Re1 Kg4 74. Re5 1/2-1/2

[Event "Philadelphia Open"]
[Site "Philadelphia"]
[Date "2012.04.05"]
[Round "2.8"]
[White "Vucic, Mladen"]
[Black "Stripunsky, Alexander"]
[Result "0-1"]
[ECO "D07"]
[WhiteElo "2328"]
[BlackElo "2566"]
[PlyCount "46"]
[EventDate "2012.04.??"]
[EventType "swiss"]
[EventRounds "9"]
[EventCountry "USA"]
[TimeControl "6000+790"]
[WhiteClock "0:12:19"]
[BlackClock "0:28:10"]

1. d4 d5 2. Nf3 Nc6 3. c4 Bg4 4. cxd5 Bxf3 5. gxf3 Qxd5 6. e3 e5 7. Nc3 Bb4 8.
Bd2 Bxc3 9. bxc3 Qd6 10. Bg2 Nge7 11. f4 exf4 12. e4 f6 13. Qg4 g5 14. h4 h5
15. Qf3 O-O-O 16. hxg5 fxg5 17. Rxh5 Ne5 18. Qe2 Rxh5 19. Qxh5 c5 20. d5 Qf6
21. Bf1 g4 22. Qh1 Rh8 23. Qg2 Rh2 0-1

[Event "Philadelphia Open"]
[Site "Philadelphia"]
[Date "2012.04.05"]
[Round "2.9"]
[White "Panchanathan, Magesh Chandran"]
[Black "Kavutskiy, Konstantin"]
[Result "1/2-1/2"]
[ECO "C78"]
[WhiteElo "2557"]
[BlackElo "2302"]
[PlyCount "125"]
[EventDate "2012.04.??"]
[EventType "swiss"]
[EventRounds "9"]
[EventCountry "USA"]
[TimeControl "6000+790"]
[WhiteClock "0:12:19"]
[BlackClock "0:28:10"]

1. e4 e5 2. Nf3 Nc6 3. Bb5 a6 4. Ba4 Nf6 5. O-O b5 6. Bb3 Bb7 7. d3 Bd6 8. a4
h6 9. Nc3 b4 10. Ne2 Na5 11. Ba2 O-O 12. Bd2 Re8 13. Ng3 Bf8 14. Re1 c5 15. Nh4
d5 16. exd5 Bxd5 17. Bxd5 Qxd5 18. Nhf5 c4 19. Ne4 Re6 20. Qf3 Nxe4 21. Rxe4
cxd3 22. Qxd3 Qxd3 23. cxd3 Nb3 24. Rd1 a5 25. Be3 g6 26. Nxh6+ Bxh6 27. Bxh6
Nc5 28. Re2 Nxa4 29. Be3 f6 30. d4 Rd6 31. Ra1 Nb6 32. dxe5 fxe5 33. Bxb6 Rxb6
34. b3 Rb5 35. g3 Rd8 36. Rae1 Rdd5 37. Re4 Kf7 38. R1e3 Rbc5 39. Kg2 Kf6 40.
Rf3+ Ke7 41. Rh4 Rd4 42. Rh7+ Ke6 43. Rg7 Kd5 44. Rxg6 Rc3 45. Ra6 Ke4 46. Rf7
Rd5 47. Rfa7 Rxb3 48. Rxa5 Rbd3 49. Rxd5 Kxd5 50. Rb7 Kc4 51. h4 b3 52. h5 Kc3
53. g4 Rd4 54. f3 b2 55. Rxb2 Kxb2 56. Kg3 Kc3 57. g5 Rd1 58. Kg4 Kd4 59. h6
Rh1 60. Kf5 Ke3 61. Kxe5 Kxf3 62. Kf6 Kf4 63. Kg7 1/2-1/2

[Event "Philadelphia Open"]
[Site "Philadelphia"]
[Date "2012.04.05"]
[Round "2.10"]
[White "Santarius, Erik F"]
[Black "Bachmann, Axel"]
[Result "0-1"]
[ECO "B22"]
[WhiteElo "2292"]
[BlackElo "2556"]
[PlyCount "46"]
[EventDate "2012.04.??"]
[EventType "swiss"]
[EventRounds "9"]
[EventCountry "USA"]
[TimeControl "6000+790"]
[WhiteClock "0:12:19"]
[BlackClock "0:28:10"]

1. e4 c5 2. Nf3 e6 3. c3 Nf6 4. e5 Nd5 5. d4 cxd4 6. Qxd4 Nc6 7. Qe4 f5 8. exf6
Nxf6 9. Qc2 d5 10. Bb5 Bd6 11. O-O O-O 12. Re1 e5 13. Bxc6 bxc6 14. Nxe5 Bxe5
15. Rxe5 Ng4 16. Rh5 g6 17. Rh3 Rxf2 18. Qd1 Qb6 19. Qd4 Qxd4 20. cxd4 Ba6 21.
Rf3 Re8 22. Bd2 Ree2 23. Rg3 Re1+ 0-1

[Event "Philadelphia Open"]
[Site "Philadelphia"]
[Date "2012.04.05"]
[Round "2.11"]
[White "Shabalov, Alexander"]
[Black "Troff, Kayden"]
[Result "1-0"]
[ECO "B81"]
[WhiteElo "2523"]
[BlackElo "2297"]
[PlyCount "59"]
[EventDate "2012.04.??"]
[EventType "swiss"]
[EventRounds "9"]
[EventCountry "USA"]
[TimeControl "6000+790"]
[WhiteClock "0:12:19"]
[BlackClock "0:28:10"]

1. e4 c5 2. Nf3 d6 3. d4 cxd4 4. Nxd4 Nf6 5. Nc3 a6 6. Be3 e6 7. g4 e5 8. Nf5
Nc6 9. Qe2 g6 10. O-O-O gxf5 11. exf5 h5 12. f3 hxg4 13. fxg4 Qa5 14. Bg2 Bd7
15. g5 Rc8 16. a3 Nh5 17. Qf2 Nd4 18. Rxd4 exd4 19. Bxd4 Bg7 20. Nd5 Bxd4 21.
Qxd4 Rxc2+ 22. Kxc2 Bxf5+ 23. Kd1 Rg8 24. Re1+ Be6 25. h4 Kd7 26. Re3 Re8 27.
Rc3 Qb5 28. a4 Qa5 29. Nb6+ Ke7 30. Rc7+ 1-0

[Event "Philadelphia Open"]
[Site "Philadelphia"]
[Date "2012.04.05"]
[Round "2.12"]
[White "Nemcova, Katerina"]
[Black "Friedel, Joshua E"]
[Result "0-1"]
[ECO "C87"]
[WhiteElo "2275"]
[BlackElo "2520"]
[PlyCount "148"]
[EventDate "2012.04.??"]
[EventType "swiss"]
[EventRounds "9"]
[EventCountry "USA"]
[TimeControl "6000+790"]
[WhiteClock "0:12:19"]
[BlackClock "0:28:10"]

1. e4 e5 2. Nf3 Nc6 3. Bb5 a6 4. Ba4 Nf6 5. O-O Be7 6. Re1 d6 7. c3 Bg4 8. d3
Nd7 9. h3 Bh5 10. Nbd2 Nc5 11. Bc2 Ne6 12. Nf1 Ng5 13. Bxg5 Bxg5 14. Ng3 Bxf3
15. Qxf3 O-O 16. Rad1 g6 17. d4 Qe7 18. Ne2 b5 19. Qg3 Na5 20. b3 Rad8 21. Rf1
c5 22. d5 Nb7 23. Qh2 Qf6 24. Rd3 h5 25. Kh1 h4 26. Rf3 Qe7 27. g3 Kg7 28. gxh4
Bxh4 29. Rg1 Rh8 30. Bd1 Rh6 31. Ng3 Bxg3 32. Rfxg3 Qf6 33. Bg4 Qf4 34. Qg2
Rdh8 35. Rf3 Qd2 36. Bd7 Nd8 37. a4 bxa4 38. bxa4 Rh4 39. Rg3 R8h6 40. Rb1 Rf4
41. Kg1 Kf6 42. Rf3 Rhh4 43. Bg4 Rh8 44. Rxf4+ exf4 45. Rb6 Qxc3 46. Rxd6+ Kg7
47. Bf5 Qa1+ 48. Kh2 Qe5 49. Rxa6 f3+ 50. Qg3 Qxg3+ 51. Kxg3 gxf5 52. e5 c4 53.
Ra7 Kg6 54. Rc7 Re8 55. Kf4 f6 56. exf6 Re4+ 57. Kxf3 Nf7 58. a5 Ne5+ 59. Kg2
Kxf6 60. a6 Re2 61. Kf1 Ra2 62. f4 Nf3 63. a7 Nd2+ 64. Ke1 Ne4 65. h4 Ra1+ 66.
Ke2 Nc3+ 67. Kf3 Nxd5 68. Rc6+ Kf7 69. Rc5 Ke6 70. Rc6+ Kd7 71. Rxc4 Rxa7 72.
Rd4 Ke6 73. Kf2 Rh7 74. Kg3 Rg7+ 0-1

[Event "Philadelphia Open"]
[Site "Philadelphia"]
[Date "2012.04.05"]
[Round "2.77"]
[White "Liang, Awonder"]
[Black "Vibbert, Sean"]
[Result "0-1"]
[ECO "B63"]
[WhiteElo "1880"]
[BlackElo "2180"]
[PlyCount "116"]
[EventDate "2012.04.??"]
[EventType "swiss"]
[EventRounds "9"]
[EventCountry "USA"]
[TimeControl "6000+790"]
[WhiteClock "0:12:19"]
[BlackClock "0:28:10"]

1. e4 c5 2. Nf3 Nc6 3. d4 cxd4 4. Nxd4 Nf6 5. Nc3 d6 6. Bg5 e6 7. Qd2 Be7 8.
O-O-O Nxd4 9. Qxd4 O-O 10. Bc4 Qa5 11. Bd2 Qc5 12. Qxc5 dxc5 13. Bf4 a6 14. a4
b5 15. axb5 axb5 16. Bxb5 Ng4 17. Rhf1 g5 18. Bg3 f5 19. exf5 exf5 20. Bc7 Ra1+
21. Kd2 Ra7 22. Nd5 Bf6 23. Bb6 Rb7 24. Bc6 Rxb6 25. Nxb6 Bxb2 26. Nxc8 Rxc8
27. Bd5+ Kg7 28. h3 Nf6 29. c4 Rd8 30. Kc2 Bd4 31. Rfe1 Nxd5 32. cxd5 Rxd5 33.
Kb3 Rd7 34. Kc4 Ra7 35. f3 Ra2 36. g4 Rc2+ 37. Kd5 Rc3 38. Re7+ Kg6 39. gxf5+
Kxf5 40. Rxd4 cxd4 41. Kxd4 Ra3 42. Rxh7 Kg6 43. Rb7 Rxf3 44. Ke4 Rxh3 45. Rb8
Kh5 46. Rh8+ Kg4 47. Rg8 Rh1 48. Ke3 Rf1 49. Ke2 Rf7 50. Ke1 Kh4 51. Ra8 g4 52.
Ra4 Kh3 53. Ke2 g3 54. Ra8 Kh2 55. Rh8+ Kg1 56. Rg8 g2 57. Rg6 Re7+ 58. Kf3 Kf1
0-1

[Event "Philadelphia Open"]
[Site "Philadelphia"]
[Date "2012.04.05"]
[Round "3.1"]
[White "Bachmann, Axel"]
[Black "Erenburg, Sergey"]
[Result "1/2-1/2"]
[ECO "A07"]
[WhiteElo "2556"]
[BlackElo "2616"]
[PlyCount "137"]
[EventDate "2012.04.??"]
[EventType "swiss"]
[EventRounds "9"]
[EventCountry "USA"]
[TimeControl "6000+1435"]
[WhiteClock "0:21:12"]
[BlackClock "0:09:59"]

1. Nf3 d5 2. g3 c6 3. Bg2 Nf6 4. O-O Bg4 5. d3 e6 6. Nbd2 Be7 7. e4 O-O 8. h3
Bh5 9. g4 Bg6 10. Ne5 dxe4 11. Nxg6 hxg6 12. Nxe4 Nxe4 13. Bxe4 e5 14. f4 exf4
15. Bxf4 Bd6 16. Be3 Qh4 17. Bg2 Nd7 18. Qd2 Rae8 19. Rf3 Ne5 20. Rf2 Nd7 21.
Raf1 Qe7 22. Bf4 Bxf4 23. Qxf4 Nc5 24. Qb4 g5 25. d4 Ne6 26. Qxe7 Rxe7 27. Re1
Rd7 28. c3 Nf4 29. Bf1 Rfd8 30. h4 Ne6 31. hxg5 Nxg5 32. Rf5 f6 33. Bd3 Kf8 34.
Ref1 Ke7 35. Re1+ Kd6 36. Kg2 Rh8 37. Rff1 Rdd8 38. Bf5 Rh4 39. Rh1 Rxh1 40.
Rxh1 c5 41. Rd1 Kc6 42. Kf2 cxd4 43. Rxd4 Rxd4 44. cxd4 b6 45. Ke3 Kd5 46. Bc2
Ne6 47. Bb3+ Kd6 48. Ke4 g6 49. Bc2 Ng7 50. Kf4 f5 51. gxf5 Nxf5 52. Be4 Ke6
53. Kg5 Nxd4 54. Bxg6 Ke5 55. Kg4 Ne2 56. Kf3 Nc1 57. Ke3 Nxa2 58. Kd3 Nb4+ 59.
Kc4 Nc6 60. b4 Kd6 61. Be4 Nb8 62. Bg6 Na6 63. Be4 Nc7 64. Bb7 Ne8 65. Bf3 Nc7
66. Bb7 Ke5 67. Bc6 Ke6 68. Bf3 Kd6 69. Kd4 1/2-1/2

[Event "Philadelphia Open"]
[Site "Philadelphia"]
[Date "2012.04.05"]
[Round "3.2"]
[White "Kacheishvili, Giorgi"]
[Black "Shabalov, Alexander"]
[Result "1/2-1/2"]
[ECO "D43"]
[WhiteElo "2612"]
[BlackElo "2523"]
[PlyCount "53"]
[EventDate "2012.04.??"]
[EventType "swiss"]
[EventRounds "9"]
[EventCountry "USA"]
[TimeControl "6000+1425"]
[WhiteClock "0:55:58"]
[BlackClock "0:18:36"]

1. d4 d5 2. c4 c6 3. Nf3 Nf6 4. Nc3 e6 5. Bg5 h6 6. Bh4 dxc4 7. e4 g5 8. Bg3 b5
9. Be2 Bb7 10. h4 g4 11. Ne5 Nbd7 12. Bxg4 Rg8 13. Bf3 Rxg3 14. fxg3 Nxe5 15.
dxe5 Nd7 16. Bh5 Nxe5 17. O-O Bc5+ 18. Kh2 Qxd1 19. Raxd1 Ke7 20. b3 cxb3 21.
axb3 Rg8 22. Kh3 Rg7 23. Rd2 a6 24. Rfd1 Rg8 25. Ne2 Be3 26. Rc2 Bf2 27. Bf3
1/2-1/2

[Event "Philadelphia Open"]
[Site "Philadelphia"]
[Date "2012.04.05"]
[Round "3.3"]
[White "Friedel, Joshua E"]
[Black "Hammer, Jon Ludvig"]
[Result "0-1"]
[ECO "C67"]
[WhiteElo "2520"]
[BlackElo "2606"]
[PlyCount "94"]
[EventDate "2012.04.??"]
[EventType "swiss"]
[EventRounds "9"]
[EventCountry "USA"]
[TimeControl "6000+2535"]
[WhiteClock "0:18:15"]
[BlackClock "0:26:58"]

1. e4 e5 2. Nf3 Nc6 3. Bb5 Nf6 4. O-O Nxe4 5. d4 Nd6 6. Bxc6 dxc6 7. dxe5 Nf5
8. Qxd8+ Kxd8 9. Nc3 Bd7 10. h3 b6 11. Bf4 Be7 12. Rad1 Kc8 13. g4 Nh4 14. Nxh4
Bxh4 15. Bg3 Be7 16. f4 f5 17. e6 Bxe6 18. Rfe1 Re8 19. Rd2 g6 20. g5 Bd6 21.
h4 Kb7 22. Rde2 Bf7 23. Kg2 Rxe2+ 24. Rxe2 a5 25. a4 Bb4 26. Be1 Bc4 27. Re3
Bc5 28. Rh3 Re8 29. Bf2 Bd6 30. b3 Bf7 31. Kf3 Bb4 32. Bd4 c5 33. Bf6 c4 34.
bxc4 Bxc4 35. Rh2 Re1 36. h5 Bd6 37. hxg6 hxg6 38. Rh6 Bf8 39. Rh7 Bd6 40. Rg7
Rf1+ 41. Kg2 Rc1 42. Rxg6 Rxc2+ 43. Kf3 Bb4 44. Nb5 Be1 45. Rg7 Bd5+ 46. Ke3
Bf2+ 47. Kd3 Be4# 0-1

[Event "Philadelphia Open"]
[Site "Philadelphia"]
[Date "2012.04.05"]
[Round "3.4"]
[White "Kaidanov, Gregory"]
[Black "Gerzhoy, Leonid"]
[Result "1-0"]
[ECO "E29"]
[WhiteElo "2598"]
[BlackElo "2489"]
[PlyCount "93"]
[EventDate "2012.04.??"]
[EventType "swiss"]
[EventRounds "9"]
[EventCountry "USA"]
[TimeControl "6000+1285"]
[WhiteClock "0:24:46"]
[BlackClock "0:18:49"]

1. d4 Nf6 2. c4 e6 3. Nc3 Bb4 4. e3 c5 5. a3 Bxc3+ 6. bxc3 O-O 7. Ne2 Nc6 8.
Ng3 d6 9. Bd3 e5 10. O-O Re8 11. d5 Ne7 12. f4 exf4 13. exf4 b5 14. f5 bxc4 15.
Bxc4 Qa5 16. Bg5 Qxc3 17. Rc1 Qxa3 18. Bxf6 Qe3+ 19. Kh1 gxf6 20. Bb5 Bb7 21.
Bxe8 Rxe8 22. Re1 Qh6 23. Rb1 Bxd5 24. Rxe7 Rxe7 25. Qxd5 Qe3 26. Rf1 Qe5 27.
Qf3 d5 28. Qg4+ Kf8 29. Nh5 Ke8 30. Qh4 Kd8 31. Nxf6 Kc8 32. Nxd5 Rd7 33. Nf6
Rd6 34. Nh5 Qxf5 35. Ng3 Qd7 36. Qxh7 Rd1 37. h4 Rxf1+ 38. Nxf1 c4 39. Qe4 Qc7
40. Ne3 c3 41. h5 Qc5 42. g4 Qd6 43. Qc4+ Kd8 44. Qxc3 Qe6 45. Qd4+ Ke8 46.
Qxa7 Qe4+ 47. Kh2 1-0

[Event "Philadelphia Open"]
[Site "Philadelphia"]
[Date "2012.04.06"]
[Round "4.1"]
[White "Hammer, Jon Ludvig"]
[Black "Kaidanov, Gregory"]
[Result "1/2-1/2"]
[ECO "E20"]
[WhiteElo "2606"]
[BlackElo "2598"]
[PlyCount "171"]
[EventDate "2012.04.??"]
[EventType "swiss"]
[EventRounds "9"]
[EventCountry "USA"]
[TimeControl "6000+1445"]
[WhiteClock "0:15:24"]
[BlackClock "0:09:17"]

1. d4 Nf6 2. c4 e6 3. Nc3 Bb4 4. Nf3 c5 5. g3 Nc6 6. Bg2 Ne4 7. Bd2 Nxd2 8.
Qxd2 cxd4 9. Nxd4 Qb6 10. e3 Ne5 11. b3 O-O 12. O-O Qa5 13. Rfc1 a6 14. a3 Be7
15. b4 Qd8 16. c5 d5 17. cxd6 Qxd6 18. Ne4 Qd8 19. Nc5 Rb8 20. Qc3 Ng6 21. Qc2
e5 22. Nf5 b6 23. Na4 Be6 24. Rd1 Qe8 25. Nc3 Rc8 26. Be4 a5 27. bxa5 bxa5 28.
h4 h5 29. Qd3 Bc5 30. Qe2 Ne7 31. Nxe7+ Bxe7 32. Qxh5 f5 33. Qxe8 Rfxe8 34. Bd5
Bxh4 35. Nb5 Bxd5 36. Rxd5 Bf6 37. Nd6 Red8 38. Rad1 Rc3 39. Rxa5 Be7 40. Rad5
Rxd6 41. Rxd6 Bxd6 42. Rxd6 Rxa3 43. Rd5 f4 44. Rxe5 fxg3 45. f3 Kf7 46. Kg2
Kf6 47. Re8 Kf7 48. Re4 g5 49. Kxg3 Kf6 50. Kg4 Ra1 51. Rb4 Rg1+ 52. Kh3 Re1
53. e4 Rg1 54. Kh2 Ra1 55. Kg3 Rg1+ 56. Kf2 Ra1 57. Rb6+ Kf7 58. Rd6 Rb1 59.
Ke3 Rb3+ 60. Rd3 Rb4 61. Ra3 Ke6 62. Kd3 Rb1 63. Ra6+ Kf7 64. e5 Rb4 65. Rf6+
Kg7 66. Ke3 Ra4 67. Rd6 Kf7 68. Rd4 Ra1 69. Ke4 Re1+ 70. Kf5 Re3 71. Rd7+ Ke8
72. Rg7 Rxf3+ 73. Ke6 Kf8 74. Rxg5 Ra3 75. Kf6 Rf3+ 76. Ke6 Ra3 77. Rf5+ Ke8
78. Kf6 Ra6+ 79. e6 Ra1 80. Rh5 Rf1+ 81. Rf5 Rxf5+ 82. Kxf5 Ke7 83. Ke5 Ke8 84.
Kf6 Kf8 85. e7+ Ke8 86. Ke6 1/2-1/2

[Event "Philadelphia Open"]
[Site "Philadelphia"]
[Date "2012.04.06"]
[Round "4.2"]
[White "Erenburg, Sergey"]
[Black "Stripunsky, Alexander"]
[Result "1-0"]
[ECO "B42"]
[WhiteElo "2616"]
[BlackElo "2566"]
[PlyCount "149"]
[EventDate "2012.04.??"]
[EventType "swiss"]
[EventRounds "9"]
[EventCountry "USA"]
[TimeControl "6000+1105"]
[WhiteClock "0:02:19"]
[BlackClock "0:02:49"]

1. e4 c5 2. Nf3 e6 3. d4 cxd4 4. Nxd4 a6 5. Bd3 Nf6 6. O-O e5 7. Bg5 d6 8. Nf5
Be6 9. Nc3 Nbd7 10. Qe2 Rc8 11. Kh1 h6 12. Bd2 Bxf5 13. exf5 Be7 14. f4 O-O 15.
g4 exf4 16. Bxf4 Ne5 17. g5 hxg5 18. Bxg5 Re8 19. Rg1 Nh7 20. Bxe7 Qxe7 21. Qg2
Qf8 22. Nd5 Nd7 23. f6 Ndxf6 24. Nxf6+ Nxf6 25. Raf1 Re6 26. Bf5 Rce8 27. Bxe6
Rxe6 28. Qxb7 d5 29. Re1 Qe8 30. Rxe6 Qxe6 31. Qb8+ Kh7 32. Qf4 Ne4 33. Rf1 Nd6
34. Qf3 g6 35. Qf6 Qe4+ 36. Qf3 Qe6 37. Rd1 Ne4 38. Re1 f5 39. Rg1 Qb6 40. b3
Qd4 41. h3 Nf2+ 42. Kh2 Ne4 43. Qf4 Qf6 44. h4 Qe6 45. Qc7+ Kh6 46. Qf4+ Kh7
47. h5 g5 48. Rxg5 Nxg5 49. Qxg5 Qe2+ 50. Qg2 Qe5+ 51. Kh3 Qc3+ 52. Kh4 Qd4+
53. Kh3 Qc3+ 54. Kh4 Qd4+ 55. Kg3 Kh6 56. Qe2 Kg5 57. h6 Kxh6 58. Qxa6+ Kg5 59.
Qe2 f4+ 60. Kf3 Qc3+ 61. Qd3 Qe5 62. a4 Qe6 63. Kf2 Qb6+ 64. Kg2 Qe6 65. a5
Qg4+ 66. Kf2 Qh4+ 67. Kg2 Qg4+ 68. Kf1 Qd7 69. a6 Kg4 70. Qg6+ Kf3 71. Qg2+ Ke3
72. Qf2+ Ke4 73. a7 Qb7 74. Qe2+ Kf5 75. Qh5+ 1-0